[Event "WTCC-50 2018"]
[Site "Radebeul"]
[Date "2018.07.14"]
[Round "8"]
[White "Marwitz, Tino"]
[Black "Luger, Jens"]
[Result "1/2-1/2"]
[ECO "D02"]
[WhiteElo "2031"]
[BlackElo "1920"]
[Annotator "NA"]
[PlyCount "64"]
[EventDate "2018.07.07"]
[EventType "team-tourn"]
[EventCountry "GER"]
[SourceTitle "playchess.com"]
[Source "ChessBase"]
[SourceQuality "1"]
[TimeControl "40/5400+30:1800+30"]

1. d4 d5 2. Nf3 Nf6 3. c4 e6 4. g3 c6 5. Bg2 Be7 6. O-O O-O 7. b3 Nbd7 8. Bb2 b6 9. Nc3 Ba6 10. Nd2 Rc8 11. Rc1 Bb7 12. e4 dxe4 13. Ndxe4 Nxe4 14. Nxe4 Nf6 15. Re1 Qd7 16. Qe2 Rfd8 17. Ng5 Bb4 18. Red1 Qe7 19. Nf3 Nd7 20. Rd3 h6 21. Re3 Qf8 22. Bh3 Re8 23. Rd1 Rcd8 24. Red3 Bc8 25. Bg2 Bb7 26. Qc2 Rc8 27. Qc1 Be7 28. Qd2 Bb4 29. Qc1 Be7 30. Bc3 Ba3 31. Qd2 Be7 32. b4 Ba6 1/2-1/2

[Event "WTCC-50 2018"]
[Site "Radebeul"]
[Date "2018.07.14"]
[Round "8"]
[White "Habel, Christof"]
[Black "Wolf, Sylvia"]
[Result "1/2-1/2"]
[ECO "A43"]
[WhiteElo "2026"]
[BlackElo "2023"]
[Annotator "NA"]
[PlyCount "34"]
[EventDate "2018.07.07"]
[EventType "team-tourn"]
[EventCountry "GER"]
[SourceTitle "playchess.com"]
[Source "ChessBase"]
[SourceQuality "1"]
[TimeControl "40/5400+30:1800+30"]

1. d4 c5 2. d5 Nf6 3. Nc3 d6 4. e4 g6 5. Nf3 Bg7 6. a4 O-O 7. Be2 e5 8. dxe6 Bxe6 9. Ng5 d5 10. exd5 Nxd5 11. Nxe6 fxe6 12. Ne4 Nc6 13. O-O b6 14. Bg4 Nd4 15. Ng5 Nc7 16. Ra3 h6 17. Ne4 Qd5 1/2-1/2

[Event "WTCC-50 2018"]
[Site "Radebeul"]
[Date "2018.07.14"]
[Round "8"]
[White "Hutschenreiter, Joerg"]
[Black "Wuttke, Hans"]
[Result "1/2-1/2"]
[ECO "A40"]
[WhiteElo "2023"]
[BlackElo "2160"]
[Annotator "NA"]
[PlyCount "32"]
[EventDate "2018.07.07"]
[EventType "team-tourn"]
[EventCountry "GER"]
[SourceTitle "playchess.com"]
[Source "ChessBase"]
[SourceQuality "1"]
[TimeControl "40/5400+30:1800+30"]

1. d4 e6 2. g3 c5 3. Nf3 cxd4 4. Nxd4 Nc6 5. Bg2 Qb6 6. Nf3 d5 7. O-O Nf6 8. b3 Be7 9. Bb2 O-O 10. Nbd2 Rd8 11. c3 h6 12. Qb1 Bd7 13. e4 dxe4 14. Nxe4 Nxe4 15. Qxe4 Bf6 16. Qe2 Be8 1/2-1/2

[Event "WTCC-50 2018"]
[Site "Radebeul"]
[Date "2018.07.14"]
[Round "8"]
[White "Eriksson, Urban"]
[Black "Goh, Cheng Hong"]
[Result "1/2-1/2"]
[ECO "A04"]
[WhiteElo "1875"]
[BlackElo "2323"]
[Annotator "NA"]
[PlyCount "109"]
[EventDate "2018.07.07"]
[EventType "team-tourn"]
[EventCountry "GER"]
[SourceTitle "playchess.com"]
[Source "ChessBase"]
[SourceQuality "1"]
[TimeControl "40/5400+30:1800+30"]

1. Nf3 g6 2. e4 Bg7 3. d4 c5 4. c3 d5 5. exd5 Qxd5 6. Be2 cxd4 7. cxd4 Nc6 {[%emt 0:01:03] B06: Modern Defence} (7... Nf6 8. Nc3 Qd6 9. O-O O-O 10. Qb3 Na6 11. Rd1 b6 12. Ne5 Nc7 13. Nc4 Qd8 14. Bf4 Ncd5 15. Nxd5 Nxd5 16. Be5 {0-1 (66) Yeoh,L (2478)-Anand,V (2783) Tbilisi 2017}) 8. Nc3 Qa5 9. O-O Bg4 10. Qb3 Bxf3 11. Bxf3 Nxd4 12. Qxb7 Nxf3+ 13. Qxf3 Rc8 14. Qb7 Qc7 15. Qxc7 $146 ({Predecessor:} 15. Qb5+) 15... Rxc7 16. Be3 Bxc3 17. bxc3 Nf6 18. Bd4 O-O 19. Rac1 Rfc8 20. Rc2 Nd5 21. Rfc1 a6 22. g3 g5 23. f4 gxf4 24. c4 Nb4 25. Rd2 fxg3 26. Be5 gxh2+ 27. Kxh2 Rc6 28. a3 Rh6+ 29. Kg1 Nc6 30. Bf4 Rh4 31. Rg2+ Kf8 32. Bg5 Rh5 33. Rb1 f6 34. Be3 Ne5 35. c5 Nc4 36. Bf2 Nxa3 37. Rb6 a5 38. c6 Rb5 39. Ra6 Rb1+ 40. Kh2 Rc1 41. Rxa5 Nb1 ({Schlechter ist} 41... R1xc6 42. Rxa3 Rc3 43. Ra7 $14) 42. Ra1 R8xc6 43. Be3 Rd1 44. Bh6+ {[%emt 0:00:00] [#]} Kf7 $1 45. Ra7 Nc3 46. Rg7+ Ke6 47. Rgxe7+ Kf5 48. Rxh7 Ne4 49. Rhg7 Rc2+ 50. Rg2 Rxg2+ 51. Kxg2 Rd3 52. Ra4 Rg3+ 53. Kh2 Rb3 54. Bc1 Rc3 $15 55. Bh6 1/2-1/2

[Event "WTCC-50 2018"]
[Site "Radebeul"]
[Date "2018.07.15"]
[Round "9"]
[White "Shabalov, Alexander"]
[Black "Cummings, David H"]
[Result "1-0"]
[ECO "B48"]
[WhiteElo "2567"]
[BlackElo "2336"]
[Annotator "ChessBase"]
[PlyCount "75"]
[EventDate "2018.07.07"]
[EventType "team-tourn"]
[EventCountry "GER"]
[SourceTitle "playchess.com"]
[Source "ChessBase"]
[SourceQuality "1"]
[TimeControl "40/5400+30:1800+30"]

1. e4 c5 2. Nf3 e6 3. d4 cxd4 4. Nxd4 Nc6 5. Nc3 Qc7 6. Be3 a6 7. f4 b5 8. Bd3 Bb7 9. Nb3 d6 10. Qf3 Nf6 11. O-O Be7 12. Qh3 Nb4 13. Rac1 Nxd3 14. cxd3 Qd7 15. Na5 O-O 16. f5 exf5 17. Rxf5 b4 18. Ne2 Rac8 19. Re1 Ba8 20. Bd4 d5 21. e5 Ne8 22. Nf4 Nc7 23. Nb3 Ne6 24. Rh5 h6 25. Be3 Rc7 26. Qg3 Kh7 27. Nd4 Nxf4 28. Qxf4 Bc5 29. Rxh6+ gxh6 30. Qxh6+ Kg8 31. Qg5+ Kh7 32. Nf5 f6 33. Qh6+ Kg8 34. Bxc5 Qxf5 35. Qxf8+ Kh7 36. exf6 d4 37. Re7+ Rxe7 38. Qxe7+ 1-0

[Event "WTCC-50 2018"]
[Site "Radebeul"]
[Date "2018.07.15"]
[Round "9"]
[White "Ehlvest, Jaan"]
[Black "Findlay, Ian T"]
[Result "1/2-1/2"]
[ECO "A14"]
[WhiteElo "2536"]
[BlackElo "2244"]
[Annotator "ChessBase"]
[PlyCount "102"]
[EventDate "2018.07.07"]
[EventType "team-tourn"]
[EventCountry "GER"]
[SourceTitle "playchess.com"]
[Source "ChessBase"]
[SourceQuality "1"]
[TimeControl "40/5400+30:1800+30"]

1. c4 e6 2. Nf3 Nf6 3. g3 Be7 4. Bg2 d5 5. O-O O-O 6. d4 dxc4 7. Qc2 a6 8. a4 Bd7 9. Qxc4 Bc6 10. Bg5 Nbd7 11. Nc3 h6 12. Bf4 Nb6 13. Qb3 Nbd5 14. Bd2 Nxc3 15. bxc3 b5 16. Ne5 bxa4 17. Qa2 Bxg2 18. Kxg2 c5 19. Qxa4 Ne4 20. Be1 Qc7 21. f3 Nf6 22. e4 Rfb8 23. Rf2 Rb7 24. Rfa2 Nd7 25. Nxd7 Qxd7 26. Qxd7 Rxd7 27. Bf2 cxd4 28. Bxd4 Rd6 29. Bc5 Rd7 30. Bxe7 Rxe7 31. Rxa6 Rxa6 32. Rxa6 Rc7 33. Ra3 f5 34. Kf2 fxe4 35. fxe4 Kf7 36. Ke3 Kf6 37. h4 h5 38. Kd4 Rd7+ 39. Kc4 Ke5 40. Ra5+ Kxe4 41. Rxh5 Rc7+ 42. Rc5 Rb7 43. Rc6 e5 44. Re6 Rc7+ 45. Kb4 Kd5 46. Rb6 Rc4+ 47. Kb3 Rg4 48. Rb5+ Kd6 49. h5 Rxg3 50. h6 gxh6 51. Rb6+ Kc5 1/2-1/2

[Event "WTCC-50 2018"]
[Site "Radebeul"]
[Date "2018.07.15"]
[Round "9"]
[White "Schlosser, Philipp"]
[Black "Speelman, Jon S"]
[Result "1/2-1/2"]
[ECO "A04"]
[WhiteElo "2501"]
[BlackElo "2493"]
[Annotator "RC"]
[PlyCount "44"]
[EventDate "2018.07.07"]
[EventType "team-tourn"]
[EventCountry "GER"]
[SourceTitle "playchess.com"]
[Source "ChessBase"]
[SourceQuality "1"]
[TimeControl "40/5400+30:1800+30"]

1. Nf3 e6 2. g3 b5 3. Bg2 Bb7 4. O-O Nf6 5. b3 Be7 6. c4 a6 7. Nc3 b4 8. Na4 O-O 9. d4 d6 10. Ne1 Bxg2 11. Nxg2 Nbd7 12. f3 Nb6 13. Nxb6 cxb6 14. e4 b5 15. a3 bxa3 16. Bxa3 Qc7 17. Ne3 Rfb8 18. Qd3 Qb7 19. Rfd1 Bf8 20. Ra2 a5 21. Rda1 a4 22. Bb2 axb3 1/2-1/2

[Event "WTCC-50 2018"]
[Site "Radebeul"]
[Date "2018.07.15"]
[Round "9"]
[White "Enders, Peter"]
[Black "Strutinskaia, Galina"]
[Result "1/2-1/2"]
[ECO "A01"]
[WhiteElo "2445"]
[BlackElo "2221"]
[Annotator "NA"]
[PlyCount "54"]
[EventDate "2018.07.07"]
[EventType "team-tourn"]
[EventCountry "GER"]
[SourceTitle "playchess.com"]
[Source "ChessBase"]
[SourceQuality "1"]
[TimeControl "40/5400+30:1800+30"]

1. b3 d5 2. Bb2 Bf5 3. d3 e6 4. Nd2 Nf6 5. g3 c6 6. Bg2 h6 7. e4 Bh7 8. Qe2 a5 9. a3 Be7 10. Ngf3 O-O 11. O-O Re8 12. Kh1 c5 13. Ne5 a4 14. bxa4 Rxa4 15. exd5 exd5 16. Rfe1 Ra6 17. Rab1 b5 18. Ndf3 Bf8 19. Qd2 Nbd7 20. Re2 d4 21. Rbe1 Nxe5 22. Nxe5 Qc7 23. c3 dxc3 24. Qxc3 Rd8 25. Qb3 Rb6 26. Re3 Bf5 27. h3 Be6 1/2-1/2

[Event "WTCC-50 2018"]
[Site "Radebeul"]
[Date "2018.07.15"]
[Round "9"]
[White "Casper, Thomas"]
[Black "Fatalibekova, Elena"]
[Result "1-0"]
[ECO "B40"]
[WhiteElo "2354"]
[BlackElo "2195"]
[Annotator "NA"]
[PlyCount "65"]
[EventDate "2018.07.07"]
[EventType "team-tourn"]
[EventCountry "GER"]
[SourceTitle "playchess.com"]
[Source "ChessBase"]
[SourceQuality "1"]
[TimeControl "40/5400+30:1800+30"]

1. e4 c5 2. Nf3 e6 3. d3 d5 4. Nbd2 Nc6 5. g3 Bd6 6. Bg2 Nge7 7. O-O O-O 8. Re1 Qc7 9. c3 b6 10. a3 a5 11. a4 Ba6 12. exd5 exd5 13. Nb1 Rad8 14. Na3 Qd7 15. Nb5 Bxb5 16. axb5 Na7 17. c4 Ng6 18. Bd2 Qf5 19. Qe2 Rd7 20. Qf1 Re7 21. Bc3 d4 22. Bd2 Rfe8 23. Rxe7 Rxe7 24. Re1 h5 25. Ng5 Rxe1 26. Qxe1 Be7 27. Be4 Qd7 28. Qd1 Bxg5 29. Bxg5 Qg4 30. Qxg4 hxg4 31. Bf5 f6 32. Bxg6 fxg5 33. Bf5 1-0

[Event "WTCC-50 2018"]
[Site "Radebeul"]
[Date "2018.07.15"]
[Round "9"]
[White "Welling, Gerard"]
[Black "Schweitzer, Andreas"]
[Result "1/2-1/2"]
[ECO "B20"]
[WhiteElo "2317"]
[BlackElo "2239"]
[Annotator "NA"]
[PlyCount "32"]
[EventDate "2018.07.07"]
[EventType "team-tourn"]
[EventCountry "GER"]
[SourceTitle "playchess.com"]
[Source "ChessBase"]
[SourceQuality "1"]
[TimeControl "40/5400+30:1800+30"]

1. e4 c5 2. d3 Nc6 3. g3 d5 4. Nd2 Nf6 5. Bg2 dxe4 6. dxe4 g6 7. Ngf3 Bg7 8. O-O O-O 9. Re1 Nd7 10. Nf1 Qc7 11. Ne3 e6 12. Nc4 Nde5 13. Nfxe5 Nxe5 14. Nxe5 Bxe5 15. c3 b5 16. Bh6 Rd8 1/2-1/2

[Event "WTCC-50 2018"]
[Site "Radebeul"]
[Date "2018.07.15"]
[Round "9"]
[White "Wallner, Joachim"]
[Black "Penzold, Andreas"]
[Result "0-1"]
[ECO "A04"]
[WhiteElo "2311"]
[BlackElo "2389"]
[Annotator "NA"]
[PlyCount "94"]
[EventDate "2018.07.07"]
[EventType "team-tourn"]
[EventCountry "GER"]
[SourceTitle "playchess.com"]
[Source "ChessBase"]
[SourceQuality "1"]
[TimeControl "40/5400+30:1800+30"]

1. Nf3 c5 2. c4 g6 3. g3 Bg7 4. Bg2 Nc6 5. O-O e6 6. Nc3 Nge7 7. d3 O-O 8. Bf4 d6 9. Qc1 Nf5 10. Re1 Rb8 11. Ne4 e5 12. Bg5 f6 13. Bd2 Nfe7 14. Nc3 Be6 15. a3 b6 16. Rb1 Nd4 17. b4 Qd7 18. e3 Nxf3+ 19. Bxf3 Rbc8 20. b5 d5 21. cxd5 Nxd5 22. Rd1 Ne7 23. Be1 f5 24. Bg2 Rfd8 25. Ne2 Qe8 26. Bc3 Nd5 27. Ba1 Rc7 28. Qc2 Re7 29. Nc3 Nxc3 30. Bxc3 Qf7 31. Qb2 Bd5 32. e4 Ba2 33. Ra1 Bb3 34. Rdb1 Be6 35. Bf1 f4 36. a4 fxg3 37. fxg3 h5 38. Be2 Bh3 39. Bd2 Rf8 40. Be3 Bh6 41. Qd2 Qf2+ 42. Bxf2 Bxd2 43. Ra2 Ref7 44. Rxd2 Rxf2 45. d4 Kg7 46. dxc5 Rg2+ 47. Kh1 Rff2 0-1

[Event "WTCC-50 2018"]
[Site "Radebeul"]
[Date "2018.07.15"]
[Round "9"]
[White "Titscher, Libor"]
[Black "Van den Bersselaar, Jeroen"]
[Result "1/2-1/2"]
[ECO "A22"]
[WhiteElo "2306"]
[BlackElo "2142"]
[Annotator "NA"]
[PlyCount "25"]
[EventDate "2018.07.07"]
[EventType "team-tourn"]
[EventCountry "GER"]
[SourceTitle "playchess.com"]
[Source "ChessBase"]
[SourceQuality "1"]
[TimeControl "40/5400+30:1800+30"]

1. c4 e5 2. Nc3 Nf6 3. g3 c6 4. Bg2 d5 5. d4 e4 6. Bg5 Nbd7 7. cxd5 cxd5 8. Qa4 Qb6 9. O-O-O Bb4 10. Bxf6 Bxc3 11. bxc3 Qxf6 12. f3 Qh6+ 13. Kb1 1/2-1/2

[Event "WTCC-50 2018"]
[Site "Radebeul"]
[Date "2018.07.15"]
[Round "9"]
[White "Fritsche, Lutz"]
[Black "Lewis, Andrew P"]
[Result "1/2-1/2"]
[ECO "B23"]
[WhiteElo "2303"]
[BlackElo "2298"]
[Annotator "NA"]
[PlyCount "48"]
[EventDate "2018.07.07"]
[EventType "team-tourn"]
[EventCountry "GER"]
[SourceTitle "playchess.com"]
[Source "ChessBase"]
[SourceQuality "1"]
[TimeControl "40/5400+30:1800+30"]

1. e4 c5 2. Nc3 a6 3. Nf3 e6 4. g3 b5 5. Bg2 Bb7 6. O-O b4 7. Na4 Bxe4 8. Re1 d5 9. d3 Bxf3 10. Qxf3 Be7 11. c3 bxc3 12. bxc3 Nf6 13. Be3 Nbd7 14. c4 O-O 15. Qe2 Bd6 16. Rec1 Rc8 17. Rab1 Re8 18. Qc2 h6 19. Rb7 Ne5 20. cxd5 Nxd5 21. Bxc5 Bxc5 22. Nxc5 Rxc5 23. Qxc5 Nxd3 24. Qa3 Nxc1 1/2-1/2

[Event "WTCC-50 2018"]
[Site "Radebeul"]
[Date "2018.07.15"]
[Round "9"]
[White "Druckenthaner, Andreas"]
[Black "Wuttke, Hans"]
[Result "1/2-1/2"]
[ECO "B00"]
[WhiteElo "2296"]
[BlackElo "2160"]
[Annotator "NA"]
[PlyCount "40"]
[EventDate "2018.07.07"]
[EventType "team-tourn"]
[EventCountry "GER"]
[SourceTitle "playchess.com"]
[Source "ChessBase"]
[SourceQuality "1"]
[TimeControl "40/5400+30:1800+30"]

1. e4 d6 2. d4 Nf6 3. Nd2 g6 4. Ngf3 Bg7 5. Bc4 O-O 6. Bb3 e6 7. O-O b6 8. Re1 Bb7 9. c3 Nbd7 10. Bc2 e5 11. dxe5 Nxe5 12. Nxe5 dxe5 13. Qe2 Nh5 14. Nf3 h6 15. Be3 Qf6 16. Rad1 Rad8 17. Rxd8 Rxd8 18. Rd1 Rd6 19. Qc4 Rxd1+ 20. Bxd1 Qc6 1/2-1/2

[Event "WTCC-50 2018"]
[Site "Radebeul"]
[Date "2018.07.15"]
[Round "9"]
[White "Weitzer, Steffen"]
[Black "Holst, Conny"]
[Result "1-0"]
[ECO "D02"]
[WhiteElo "2288"]
[BlackElo "2103"]
[Annotator "NA"]
[PlyCount "75"]
[EventDate "2018.07.07"]
[EventType "team-tourn"]
[EventCountry "GER"]
[SourceTitle "playchess.com"]
[Source "ChessBase"]
[SourceQuality "1"]
[TimeControl "40/5400+30:1800+30"]

1. d4 Nf6 2. Nf3 d5 3. Bf4 c5 4. e3 Nc6 5. c3 e6 6. Nbd2 cxd4 7. exd4 Nh5 8. Bg5 f6 9. Be3 Bd6 10. Bd3 Nf4 11. Bxf4 Bxf4 12. Qc2 Kf7 13. O-O Bd7 14. g3 Bd6 15. Rae1 Rc8 16. Qb1 a6 17. Nh4 Ne7 18. f4 g6 19. Ndf3 Kg7 20. Qc1 b5 21. g4 Rf8 22. Kh1 Qc7 23. f5 e5 24. Nxe5 fxe5 25. Qg5 Ng8 26. f6+ Rxf6 27. Rxf6 Nxf6 28. dxe5 Be7 29. Nxg6 h6 30. Qh4 Bd8 31. exf6+ Bxf6 32. Re7+ Bxe7 33. Qxe7+ Kg8 34. Qf6 Re8 35. Nf8 Bf5 36. Bxf5 Rxf8 37. Be6+ Rf7 38. Bxd5 1-0

[Event "WTCC-50 2018"]
[Site "Radebeul"]
[Date "2018.07.15"]
[Round "9"]
[White "Dietze, Frank"]
[Black "Habel, Christof"]
[Result "1-0"]
[ECO "E08"]
[WhiteElo "2203"]
[BlackElo "2026"]
[Annotator "NA"]
[PlyCount "85"]
[EventDate "2018.07.07"]
[EventType "team-tourn"]
[EventCountry "GER"]
[SourceTitle "playchess.com"]
[Source "ChessBase"]
[SourceQuality "1"]
[TimeControl "40/5400+30:1800+30"]

1. d4 Nf6 2. c4 e6 3. g3 Be7 4. Bg2 d5 5. Nf3 O-O 6. O-O Nbd7 7. Qc2 Re8 8. Nbd2 c5 9. dxc5 Nxc5 10. Rd1 Bd7 11. Ne5 Rc8 12. Nxd7 Ncxd7 13. Qb1 dxc4 14. Bxb7 Rb8 15. Bg2 Ne5 16. Qc2 Qc7 17. Nf3 Bc5 18. Nxe5 Qxe5 19. Qxc4 Rec8 20. Qd3 Ng4 21. e3 Qh5 22. h3 Ne5 23. g4 Qh4 24. Qe4 Ng6 25. b3 Qf6 26. Bd2 Ba3 27. Be1 Rc5 28. Rab1 Rbc8 29. Qa4 Bb2 30. Qxa7 Rc2 31. Be4 Nh4 32. Qa5 g6 33. g5 Nf3+ 34. Bxf3 Qxf3 35. Rd8+ Rxd8 36. Qxd8+ Kg7 37. Rxb2 Rc1 38. Qd2 Qxh3 39. Qxc1 Qg4+ 40. Kf1 Qh3+ 41. Ke2 Qg4+ 42. f3 Qg2+ 43. Bf2 1-0

[Event "WTCC-50 2018"]
[Site "Radebeul"]
[Date "2018.07.15"]
[Round "9"]
[White "Schoeneberg, Manfred"]
[Black "Kirppo, Ronny"]
[Result "1/2-1/2"]
[ECO "B31"]
[WhiteElo "2199"]
[BlackElo "1930"]
[Annotator "NA"]
[PlyCount "42"]
[EventDate "2018.07.07"]
[EventType "team-tourn"]
[EventCountry "GER"]
[SourceTitle "playchess.com"]
[Source "ChessBase"]
[SourceQuality "1"]
[TimeControl "40/5400+30:1800+30"]

1. e4 c5 2. Nf3 Nc6 3. Bb5 g6 4. O-O Bg7 5. c3 Nf6 6. e5 Nd5 7. d4 cxd4 8. cxd4 O-O 9. Nc3 Nxc3 10. bxc3 d6 11. exd6 Qxd6 12. a4 Qc7 13. Ba3 Rd8 14. Re1 Bf6 15. Rc1 Be6 16. Nd2 Bd5 17. Bf1 Bg5 18. Rb1 Na5 19. Bb4 Nc6 20. Ba3 Na5 21. Bb4 Nc6 1/2-1/2

[Event "WTCC-50 2018"]
[Site "Radebeul"]
[Date "2018.07.15"]
[Round "9"]
[White "Sirotkina, Nina"]
[Black "Brueggemann, Joachim"]
[Result "1/2-1/2"]
[ECO "A45"]
[WhiteElo "2175"]
[BlackElo "2293"]
[Annotator "NA"]
[PlyCount "60"]
[EventDate "2018.07.07"]
[EventType "team-tourn"]
[EventCountry "GER"]
[SourceTitle "playchess.com"]
[Source "ChessBase"]
[SourceQuality "1"]
[TimeControl "40/5400+30:1800+30"]

1. d4 Nf6 2. Bf4 e6 3. e3 b6 4. Nf3 Bb7 5. Be2 Be7 6. h3 O-O 7. O-O d6 8. c4 Nbd7 9. Nc3 Ne4 10. Nxe4 Bxe4 11. Nd2 Bb7 12. Bf3 Bxf3 13. Nxf3 a5 14. Qe2 Qc8 15. Rfd1 Qb7 16. Rac1 Nf6 17. Bg5 Rfe8 18. Rc2 a4 19. Nd2 h6 20. Bh4 Ra5 21. e4 Nd7 22. Bxe7 Rxe7 23. Nb1 e5 24. d5 Nc5 25. Nc3 Ra8 26. Rcc1 Qc8 27. Qc2 Qd7 28. Ra1 Rf8 29. b4 axb3 30. axb3 f5 1/2-1/2

[Event "WTCC-50 2018"]
[Site "Radebeul"]
[Date "2018.07.15"]
[Round "9"]
[White "Boehm, Martin"]
[Black "Limpert, Michael"]
[Result "1-0"]
[ECO "D44"]
[WhiteElo "2172"]
[BlackElo "2159"]
[Annotator "NA"]
[PlyCount "55"]
[EventDate "2018.07.07"]
[EventType "team-tourn"]
[EventCountry "GER"]
[SourceTitle "playchess.com"]
[Source "ChessBase"]
[SourceQuality "1"]
[TimeControl "40/5400+30:1800+30"]

1. d4 d5 2. c4 c6 3. Nc3 Nf6 4. Nf3 e6 5. Bg5 dxc4 6. e4 b5 7. e5 h6 8. Bh4 g5 9. Nxg5 hxg5 10. Bxg5 Nbd7 11. exf6 Qa5 12. h4 Bb7 13. Be2 O-O-O 14. O-O Ne5 15. Qc1 Nd3 16. Bxd3 cxd3 17. Qe3 Qb4 18. d5 exd5 19. Qxd3 Qg4 20. Rac1 b4 21. Nb5 Bd6 22. Qe3 d4 23. Nxd6+ Rxd6 24. Qb3 Rd7 25. Qxb4 Kb8 26. f3 Qe6 27. Rfe1 Qd6 28. Qxd6+ 1-0

[Event "WTCC-50 2018"]
[Site "Radebeul"]
[Date "2018.07.15"]
[Round "9"]
[White "Pruefer, Friedbert"]
[Black "Pieper, Thomas"]
[Result "1/2-1/2"]
[ECO "A45"]
[WhiteElo "2172"]
[BlackElo "2208"]
[Annotator "NA"]
[PlyCount "97"]
[EventDate "2018.07.07"]
[EventType "team-tourn"]
[EventCountry "GER"]
[SourceTitle "playchess.com"]
[Source "ChessBase"]
[SourceQuality "1"]
[TimeControl "40/5400+30:1800+30"]

1. d4 Nf6 2. g3 g6 3. Bg2 Bg7 4. e4 d6 5. Nc3 O-O 6. Nge2 e5 7. h3 exd4 8. Nxd4 Re8 9. O-O Nbd7 10. Re1 Nb6 {[%emt 0:02:07] B07: Pirc Defence: Miscellaneous Systems} (10... a6 11. a4 Rb8 12. a5 Nc5 13. Bf4 Nh5 14. Be3 Nf6 15. Bf4 Nh5 16. Bc1 d5 17. Nb3 Nxb3 18. cxb3 d4 19. Nd5 Be6 20. Bd2 {0-1 (33) Malakhov,V (2694)-Mamedov,R (2659) Dubai 2014}) 11. Nde2 c6 12. Nf4 Be6 $146 ({Predecessor:} 12... Qc7 13. b3 Be6 14. Bb2 Rad8 15. Nxe6 Rxe6 16. Qd2 Rde8 17. Rad1 {1-0 (39) Davis,L (2153)-Gokhale,A (2196) Philadelphia 2005}) 13. Nxe6 fxe6 14. Qe2 d5 15. e5 Nfd7 16. f4 Nc8 17. a4 Ne7 18. Be3 b6 19. Bf2 g5 20. Qh5 gxf4 21. gxf4 Ng6 22. Bg3 Rf8 23. Rf1 Rf5 24. Qg4 Ndf8 25. h4 h5 26. Qe2 Bh6 27. Bh3 Nxf4 28. Bxf4 Rxf4 29. Rxf4 Bxf4 30. Qxh5 Qe8 31. Qe2 Qe7 32. Qg4+ Qg7 33. Re1 Qxg4+ 34. Bxg4 Bg3 35. Re2 Bxh4 36. Rg2 $11 Kf7 37. Bh5+ Ke7 38. Rg7+ Kd8 39. Ne2 Be7 40. Nf4 Rc8 41. Kf1 a5 42. Bg4 Bc5 43. Nxe6+ Nxe6 44. Bxe6 Rc7 45. Rg8+ Ke7 46. Rg7+ Kd8 47. Rg8+ Ke7 48. Rg7+ Kd8 49. Ke1 1/2-1/2

[Event "WTCC-50 2018"]
[Site "Radebeul"]
[Date "2018.07.15"]
[Round "9"]
[White "Sazonova, Elena N"]
[Black "Ruether, Rudolf"]
[Result "1/2-1/2"]
[ECO "C11"]
[WhiteElo "2146"]
[BlackElo "2118"]
[Annotator "NA"]
[PlyCount "36"]
[EventDate "2018.07.07"]
[EventType "team-tourn"]
[EventCountry "GER"]
[SourceTitle "playchess.com"]
[Source "ChessBase"]
[SourceQuality "1"]
[TimeControl "40/5400+30:1800+30"]

1. e4 e6 2. Nf3 d5 3. Nc3 Nf6 4. e5 Nfd7 5. d4 c5 6. dxc5 Nc6 7. Bf4 Nxc5 8. Qd2 a6 9. O-O-O Be7 10. h4 b5 11. Nd4 Nxd4 12. Qxd4 b4 13. Nb1 Ne4 14. Be3 O-O 15. Qb6 Qxb6 16. Bxb6 a5 17. Nd2 Nxd2 18. Rxd2 Ba6 1/2-1/2

[Event "WTCC-50 2018"]
[Site "Radebeul"]
[Date "2018.07.15"]
[Round "9"]
[White "Barron, Michael"]
[Black "Kudrin, Sergey"]
[Result "0-1"]
[ECO "B70"]
[WhiteElo "2123"]
[BlackElo "2468"]
[Annotator "RC"]
[PlyCount "94"]
[EventDate "2018.07.07"]
[EventType "team-tourn"]
[EventCountry "GER"]
[SourceTitle "playchess.com"]
[Source "ChessBase"]
[SourceQuality "1"]
[TimeControl "40/5400+30:1800+30"]

1. e4 c5 2. Nf3 d6 3. d4 cxd4 4. Nxd4 Nf6 5. Nc3 g6 6. Be2 Bg7 7. O-O O-O 8. Kh1 Nc6 9. Nb3 a6 10. f4 b5 11. Bf3 Bb7 12. Nd5 Nd7 13. c3 e6 14. Ne3 Qc7 15. Qe2 a5 16. Rd1 b4 17. Nd4 Nxd4 18. cxd4 e5 19. dxe5 dxe5 20. Nd5 Bxd5 21. exd5 Qd6 22. g3 Rfe8 23. fxe5 Bxe5 24. Qg2 Kg7 25. Rb1 Rac8 26. b3 h5 27. Qd2 Rh8 28. Bb2 h4 29. Kg2 Bc3 30. Rbc1 Qf6 31. Bxc3 Rxc3 32. Rxc3 bxc3 33. Qf4 Ne5 34. Be4 h3+ 35. Kg1 Qb6+ 36. Qf2 Qxf2+ 37. Kxf2 f5 38. Bd3 Ng4+ 39. Kg1 Ne3 40. Rc1 Nxd5 41. Bc4 Rd8 42. Kf2 Nf6 43. Ke3 Ng4+ 44. Kf4 Rd4+ 45. Kf3 Ne5+ 46. Ke3 Re4+ 47. Kf2 Rxc4 0-1

[Event "WTCC-50 2018"]
[Site "Radebeul"]
[Date "2018.07.15"]
[Round "9"]
[White "Fegan, Chris"]
[Black "Polster, Wolfgang"]
[Result "0-1"]
[ECO "A80"]
[WhiteElo "2040"]
[BlackElo "2203"]
[Annotator "NA"]
[PlyCount "72"]
[EventDate "2018.07.07"]
[EventType "team-tourn"]
[EventCountry "GER"]
[SourceTitle "playchess.com"]
[Source "ChessBase"]
[SourceQuality "1"]
[TimeControl "40/5400+30:1800+30"]

1. d4 f5 2. Bg5 g6 3. h4 Bg7 4. Nc3 Nc6 5. d5 Ne5 6. e4 d6 7. Nf3 Nxf3+ 8. Qxf3 fxe4 9. Nxe4 c6 10. O-O-O Bf5 11. Bc4 Qb6 12. Bb3 O-O-O 13. dxc6 bxc6 14. Be3 Qb7 15. g4 Bxe4 16. Qxe4 d5 17. Qa4 Rd7 18. c4 e6 19. Rd2 Nf6 20. Kb1 Ne4 21. Rc2 d4 22. c5 Re8 23. Rc4 Qb5 24. Qa3 dxe3 25. Rxe4 exf2 26. Bc4 Qb8 27. Bxe6 Kd8 28. Rb4 Qxb4 29. Qxb4 Rxe6 30. Qb8+ Ke7 31. Qg8 Kf6 32. g5+ Kf5 33. Qc8 Rd2 34. Rf1 Rxb2+ 35. Kc1 Rxa2 36. Qg8 Re1+ 0-1

[Event "WTCC-50 2018"]
[Site "Radebeul"]
[Date "2018.07.15"]
[Round "9"]
[White "Vollak, Andreas"]
[Black "Ernst, Michael"]
[Result "0-1"]
[ECO "A46"]
[WhiteElo "2027"]
[BlackElo "2156"]
[Annotator "NA"]
[PlyCount "64"]
[EventDate "2018.07.07"]
[EventType "team-tourn"]
[EventCountry "GER"]
[SourceTitle "playchess.com"]
[Source "ChessBase"]
[SourceQuality "1"]
[TimeControl "40/5400+30:1800+30"]

1. d4 Nf6 2. Nf3 d5 3. c4 e6 4. g3 dxc4 5. Qa4+ Nbd7 6. Bg2 a6 7. Qxc4 b5 8. Qc2 Bb7 9. Bd2 c5 10. O-O Rc8 11. dxc5 Bxc5 12. Qd1 O-O 13. Nc3 Qb6 14. e3 Rfd8 15. Qe2 Be7 16. Rac1 Nc5 17. Nd4 Bxg2 18. Kxg2 b4 19. Nb1 e5 20. Nf5 Bf8 21. f3 g6 22. Nh4 e4 23. b3 Qb7 24. Rc4 Nd3 25. fxe4 Rxc4 26. bxc4 Nxe4 27. Qf3 Ne5 28. Qf4 Nxd2+ 29. Nf3 Nexf3 30. Rxf3 Qxf3+ 31. Qxf3 Nxf3 32. Kxf3 Rd1 0-1